 Seeded DCSS version 0.31.0-32-g396128a36d (webtiles) character file.

Game seed: 17580971406521618064 (custom seed)

273 Alphaeus the Ruffian (level 6, -1/57 HPs)
             Began as a Troll Shapeshifter on Mar 19, 2024.
             Slain by an ogre
             ... wielding a +0 giant club
              (26 damage)
             ... on level 4 of the Dungeon.
             The game lasted 00:02:09 (2376 turns).

Alphaeus the Ruffian (Troll Shapeshifter)           Turns: 2376, Time: 00:02:10

Health: -1/57      AC:  4    Str: 25    XL:     6   Next: 2%
Magic:  5/5        EV:  9    Int:  6    God:
Gold:   230        SH:  0    Dex:  9    Spells: 5/5 levels left

rFire   . .          .
                       - Unarmed
rCold   . . .        (no shield)
rNeg    . . .        a - +0 animal skin
rPois   .            (helmet currently unavailable)
rElec   .            (cloak currently unavailable)
rCorr   .            (gloves unavailable)
SInv    .            (boots unavailable)
Will    +....        (no amulet)
Stlth   +            p - ring of willpower
HPRegen 1.09/turn    (no ring)
MPRegen 0.09/turn

%: no passive effects
@: lethally poisoned (-1 -> -2), beast-form
A: beast (slay +2), large, unfitting armour, claws 3, regeneration 1, shaggy fur
1, tough skin 1
a: Begin Untransformation


You were on level 4 of the Dungeon.
You were a hulking beast.
You visited 1 branch of the dungeon, and saw 4 of its levels.

You collected 230 gold pieces.

Inventory:

Missiles
 g - 3 throwing nets (quivered)
Armour
 a - a +0 animal skin (worn)
Jewellery
 n - an amulet of faith
 p - a ring of willpower (left claw)
 x - a +6 ring of intelligence
Talismans
 c - a beast talisman
 d - a flux talisman
 s - a storm talisman
 u - a serpent talisman
Wands
 t - a wand of mindburst (4)
Scrolls
 f - a scroll of noise {unknown}
 h - a scroll of brand weapon {unknown}
 i - 3 scrolls of teleportation {unknown}
 j - 3 scrolls of fog {unknown}
 m - a scroll of vulnerability {unknown}
 o - 4 scrolls of poison {unknown}
 q - 2 scrolls of identify {unknown}
 w - a scroll of acquirement {unknown}
Potions
 b - a potion of lignification
 e - 2 potions of degeneration {unknown}
 k - 2 potions of curing {unknown}
 l - 3 potions of haste {unknown}
 r - a potion of brilliance {unknown}
 v - a potion of mutation {unknown}


   Skills:
 + Level 2.1 Fighting
 - Level 1.5 Dodging
 * Level 4.8 Unarmed Combat
 * Level 4.6 Shapeshifting


You had 5 spell levels left.
You didn't know any spells.
Your spell library contained the following spells:

 Spells                   Type           Power      Damage    Failure   Level
 Dazzling Flash           Conj/Hex       0%         N/A       83%         3
 Mephitic Cloud           Conj/Alch/Air  0%         N/A       83%         3
 Curse of Agony           Necr           0%         N/A       100%        5
 Silence                  Hex/Air        0%         N/A       100%        5


Dungeon Overview and Level Annotations

Branches:
Dungeon (4/15)
 Temple: D:4-7

Altars:
Ashenzari
Lugonu

Portals:
Abyss: D:3


Innate Abilities, Weirdness & Mutations

You are a hulking beast.
Your limbs bulge with bestial killing power. (Slay +2)
You are too large for most types of armour.
You have claws for hands.
Your natural rate of healing is unusually fast.
You are covered in fur. (AC +1)
You have tough skin. (AC +1)


Message History

x - a +6 ring of intelligence No target in view!
There is an open door here.
Things that are here:
a +0 dagger; a goblin corpse You open the door.
An adder, an ogre and a kobold come into view.
The ogre shouts!
Found 10 gold pieces.
You scratch the kobold.
The kobold is moderately wounded.
The kobold closely misses you.
There are monsters nearby!
You claw the kobold!
You kill the kobold!
You miss the adder. The adder bites you but does no damage.
You barely miss the adder. The adder closely misses you.
You closely miss the adder.
The adder bites you but does no damage. x2
You scratch the adder.
The adder is moderately wounded.
The adder bites you.
You are poisoned.
The adder poisons you!
You claw the adder!
You kill the adder!
You feel sick.
You have reached level 6!
You feel stronger.
You claw the ogre!
The ogre is heavily wounded.
The ogre hits you with a +0 giant club!!
Ouch! That really hurt!
You barely miss the ogre.
The ogre is heavily wounded.
You feel sick.
You scratch the ogre.
The ogre is severely wounded.
You feel sick.
The ogre hits you with a +0 giant club!!
You die...

#........#................#.#.#
#####....#.....................
#.....................#.#.#
#..####.....####..#........
#..#..##...##.$#......#.#.#
#######..#...##.##...#.##.#......
.........##..)#.#...##.##.#.##..#
..........##))#.#O.##..##........
...........###..h###...##.......#
...............8....÷...#.....#.#
...........###...###......#####.#
..........## +#.#+ ##..##.# #.#
.........## #.# ##.##.# #†#
.........# ##.## #.##.# #.#
.........# ##...## #.#### #.#
.........####.....####.# #.#
.......................# #.#


You could see an ogre.

Vanquished Creatures
  An ogre (D:4)
  An iguana (D:4)
  4 adders
  3 gnolls (D:2)
  3 ribbon worms (D:2)
  An orc (D:4)
  8 bats
  8 endoplasms
  7 giant cockroaches
  13 goblins
  5 hobgoblins
  A jackal (D:3)
  3 quokkas (D:3)
  8 ball pythons
  3 frilled lizards
  18 kobolds
  A rat (D:1)
88 creatures vanquished.

Notes
Turn   | Place    | Note
-------+----------+-------------------------------------------
     0 | D:1      | Alphaeus the Troll Shapeshifter began the quest for the
                  | Orb.
     0 | D:1      | Reached XP level 1. HP: 18/18 MP: 0/0
   108 | D:1      | Reached skill level 1 in Fighting
   110 | D:1      | Reached XP level 2. HP: 21/27 MP: 1/1
   704 | D:2      | Reached XP level 3. HP: 23/33 MP: 2/2
   888 | D:2      | Reached XP level 4. HP: 26/41 MP: 3/3
  1044 | D:2      | Found a broken altar of Ashenzari.
  1362 | D:3      | Found a one-way gate to the infinite horrors of the Abyss.
  1818 | D:3      | Found a large runed translucent door.
  1843 | D:3      | Found a large runed translucent door.
  1851 | D:3      | Found a corrupted altar of Lugonu.
  2154 | D:4      | Reached XP level 5. HP: 49/49 MP: 4/4
  2225 | D:4      | Noticed an ogre
  2232 | D:4      | Killed an ogre
  2366 | D:4      | Noticed an ogre
  2374 | D:4      | Reached XP level 6. HP: 54/57 MP: 5/5
  2376 | D:4      | Slain by an ogre

Illustrated notes

Levels and vault maps discovered:
D:1:      nicolae_arrival_somewhat_less_tricky_arrival, layout_loops_cross
D:2:      layout_rooms, basic_altar, serial_forest,
          infiniplex_forest_clump_large, infiniplex_forest_straight_2,
          infiniplex_forest_zigzag_1, infiniplex_forest_corner_2,
          infiniplex_forest_clump_small, infiniplex_forest_end_2,
          infiniplex_forest_join, infiniplex_forest_3_way,
          infiniplex_forest_clump_medium
D:3:      due_chaos_kobolds, layout_rooms, minmay_increasing_density
D:4:      cheibrodos_barr_body, layout_basic, temple_pool_b, serial_glass,
          glass_columns_b, glass_columns_b, glass_columns_a, glass_columns_c,
          glass_columns_a, glass_columns_b

Skill      XL: |  1  2  3  4  5 |
---------------+----------------+-----
Fighting       | 1 2 |  2.1
Unarmed Combat | 4 |  4.8
Shapeshifting  | 4 |  4.6
Dodging        | |  1.5

Action                     |  1- 3 |  4- 6 || total
---------------------------+-------+-------++-------
  Melee: Unarmed           |    71 |   112 ||   183
         Punch             |     2 |     1 ||     3
   Stab: Sleeping          |     1 |     1 ||     2
 Armour: Animal skin       |    57 |    70 ||   127
  Dodge: Dodged            |    38 |    47 ||    85
